 Dungeon Crawl Stone Soup version 0.25.0-26-g0c896c7088 (webtiles) character file.

Game seed: 14753364872913934548

91 Exodus22XD the Poker (level 4, -1/34 HPs)
             Began as a Demonspawn Gladiator on July 4, 2020.
             Killed from afar by an orc wizard (2 damage)
             ... with a puff of flame
             ... on level 2 of the Dungeon.
             The game lasted 00:01:52 (2387 turns).

Exodus22XD the Poker (Demonspawn Gladiator)         Turns: 2387, Time: 00:01:53

Health: -1/34      AC:  8    Str: 15    XL:     4   Next: 33%
Magic:  4/4        EV:  7    Int: 10    God:
Gold:   68         SH:  0    Dex: 14    Spells: 3/3 levels left

rFire    . . .     SeeInvis .   a - +0 trident
rCold    . . .     Gourm    .   (no shield)
rNeg     . . .     Faith    .   l - +0 chain mail (curse)
rPois    .         Spirit   .   (helmet restricted)
rElec    .         Reflect  .   (no cloak)
rCorr    .         Harm     .   (no gloves)
MR       .....                  (no boots)
Stlth    ..........             (no amulet)
HPRegen  0.11/turn              (no ring)
MPRegen  0.09/turn              (no ring)

@: slowed, very slow
A: antennae 1, nightstalker 1, powered by pain 1
a: no special abilities


You were on level 2 of the Dungeon.
You were not hungry.

You visited 1 branch of the dungeon, and saw 2 of its levels.

You collected 68 gold pieces.

Inventory:

Hand Weapons
 a - a +0 trident (weapon)
Missiles
 d - 3 throwing nets (quivered)
Armour
 l - a cursed +0 chain mail (worn)
Scrolls
 b - 2 scrolls of amnesia {unknown}
 e - a scroll of immolation {unknown}
 g - 3 scrolls of fog {unknown}
 i - a scroll of identify {unknown}
 k - a scroll of fear {unknown}
Potions
 c - a potion of lignification {unknown}
 h - a potion of degeneration {unknown}
 j - a potion of curing
Comestibles
 f - 8 rations


   Skills:
 + Level 2.4 Fighting
 + Level 3.5 Polearms
 - Level 1.7 Throwing
 + Level 1.3 Armour
 + Level 3.3 Dodging
 + Level 0.3 Stealth


You had 3 spell levels left.
You didn't know any spells.
Your spell library was empty.

Dungeon Overview and Level Annotations

Branches:
Dungeon (2/15)

Altars:
Nemelex Xobeh


Innate Abilities, Weirdness & Mutations

You have a pair of small antennae on your head.
You are slightly more attuned to the shadows.
You sometimes gain a little power by taking damage.


Message History

The boomerang barely misses you.
The weapon returns to the orc!
It was a potion of curing.
You feel better. Something hits you but does no damage.
The orc throws a boomerang.
The boomerang completely misses you.
The weapon returns to the orc!
Something hits you.
You closely miss something.
The orc throws a boomerang.
The boomerang hits you.
* * * LOW HITPOINT WARNING * * *
The weapon returns to the orc!
Something hits you but does no damage.
The orc throws a boomerang.
The boomerang hits you but does no damage.
The weapon returns to the orc!
You hit something.
You hear some strange, mumbled words.
A magic dart appears from out of thin air!
The magic dart hits you!
* * * LOW HITPOINT WARNING * * *
You hear some strange, mumbled words.
A puff of flame appears from out of thin air!
The puff of flame hits you.
You die...

#.....# #.#..#
#.....# #...#
##.#..# #.....#
#...# #.....#
#.....# #...#
###...# #######
#...# #..># #...#
#.### #.%.# #.#
#..o#####.##
#..o{@)....#
#..o###....# ##
#....##..).##.# ###
#....##....##.. ...
#....##....##.##.##
#....##....##.#....
#....##...<........
#....##....##.##.#.
#....###.......#


You could see 3 orcs.

Vanquished Creatures
  An orc wizard (D:2)
  2 adders (D:2)
  An ooze (D:1)
  A leopard gecko (D:1)
  A ball python (D:2)
  6 bats
  3 giant cockroaches
  A goblin (D:1)
  7 hobgoblins
  5 frilled lizards
  5 kobolds
  5 rats
38 creatures vanquished.

Notes
Turn   | Place    | Note
-------+----------+-------------------------------------------
     0 | D:1      | Exodus22XD the Demonspawn Gladiator began the quest for the
                  | Orb.
     0 | D:1      | Reached XP level 1. HP: 16/16 MP: 1/1
   149 | D:1      | Gained mutation: You have a pair of small antennae on your
                  | head. [demonic ancestry]
   149 | D:1      | Reached XP level 2. HP: 18/22 MP: 2/2
  1204 | D:1      | Gained mutation: You sometimes gain a little power by
                  | taking damage. [demonic ancestry]
  1204 | D:1      | Reached XP level 3. HP: 27/27 MP: 3/3
  1371 | D:2      | HP: 1/27 [poisoned by an adder]
  1699 | D:2      | Found a sparkling altar of Nemelex Xobeh.
  2280 | D:2      | Reached skill level 1 in Armour
  2379 | D:2      | Gained mutation: You are slightly more attuned to the
                  | shadows. [demonic ancestry]
  2379 | D:2      | Reached XP level 4. HP: 20/34 MP: 4/4
  2387 | D:2      | HP: 1/34 [something/magic dart (9)]
  2387 | D:2      | Killed from afar by an orc wizard

Illustrated notes

Levels and vault maps discovered:
D:1:      nicolae_arrival_memento_mori, layout_loops_ring, serial_forest,
          infiniplex_forest_clump_cross, infiniplex_forest_lined_room_3,
          infiniplex_forest_end_2, infiniplex_forest_clump_medium,
          infiniplex_forest_end_3, infiniplex_forest_lined_room_2,
          infiniplex_forest_zigzag_1
D:2:      layout_basic, nemelex_diamond_rough_becter

Skill      XL: |  1  2  3 |
---------------+----------+-----
Dodging        | 3 |  3.3
Polearms       | 3 |  3.5
Armour         | 1 |  1.3
Fighting       | |  2.4
Throwing       | |  1.7
Stealth        | |  0.3

Action                   |  1- 3 |  4- 6 || total
-------------------------+-------+-------++-------
Melee: Trident           |   159 |     7 ||   166
  Use: Potion            |       |     1 ||     1
 Stab: Sleeping          |     1 |       ||     1
  Eat: Chunk             |     5 |       ||     5
Armor: Leather armour    |    33 |       ||    33
       Chain mail        |    23 |    13 ||    36
Dodge: Dodged            |    94 |     4 ||    98
